AoeStats
← s94004990

Arena

509839289Analyzed
1v1 RM · 2d ago on Sep 28, 2026· 80m 41s· 2 players
Game mode
Random Map
Map size
Tiny (2 player)
Population
200
Speed
Normal
Resources
Standard
Victory
Conquest
Starting age
Dark Age
Ending age
Imperial Age
RankedLock teamsTeams togetherTeam positionsShared explorationLock speedFull tech treeHidden civsTurbo modeCheats
Victory
Defeat
🇹🇼 Poles · Taiwan
1114
+16
🇷🇺 Byzantines · Russia
1120
-16
s94004990
9:57 Feudal Age
8:55 Loom
10:42 Double-Bit Axe
10:39 Horse Collar
15:17 Castle Age
21:11 Heavy Plow
22:14 Bow Saw
22:20 Bow Saw
23:11 Gold Mining
28:45 Wheelbarrow
31:09 Imperial Age
29:48 Thumb Ring
29:36 Fletching
29:47 Padded Archer Armor
30:01 Bloodlines
29:52 Husbandry
30:11 Hand Cart
30:44 Bodkin Arrow
30:56 Scale Barding Armor
31:31 Town Watch
32:15 Leather Archer Armor
32:22 Chain Barding Armor
32:12 Forging
32:40 Conscription
33:15 Crop Rotation
33:01 Heavy Mounted Crossbowman
34:32 Bracer
35:48 Chemistry
34:30 Cavalier
37:02 Iron Casting
35:56 Light Cavalry
37:51 Szlachta Privileges
38:07 Lechitic Legacy
38:49 Ballistics
38:56 Masonry
39:59 Blast Furnace
39:24 Winged Hussar
40:48 Siege Engineers
42:36 Elite Skirmisher
46:00 Hoardings
46:17 Fortified Wall
47:08 Elite Obuch
47:56 Scale Mail Armor
49:30 Chain Mail Armor
51:30 Plate Mail Armor
54:00 Squires
53:45 Arson
62:24 Capped Ram
63:36 Siege Ram
63:55 Pikeman
67:29 Town Patrol
PEASY 𒉭
11:22 Feudal Age
15:49 Castle Age
13:53 Horse Collar
15:14 Double-Bit Axe
16:42 Bow Saw
17:21 Heavy Plow
20:17 Wheelbarrow
20:03 Gold Mining
20:06 Stone Mining
27:10 Hand Cart
28:30 Pikeman
29:11 Squires
29:41 Forging
29:31 Scale Mail Armor
29:32 Padded Archer Armor
29:22 Fletching
29:37 Elite Skirmisher
30:23 Thumb Ring
30:34 Thumb Ring
30:25 Fletching
34:13 Imperial Age
31:30 Loom
32:30 Iron Casting
32:16 Chain Mail Armor
33:23 Iron Casting
33:13 Leather Archer Armor
32:53 Bodkin Arrow
35:33 Crop Rotation
36:05 Two-Man Saw
34:49 Halberdier
35:33 Bracer
36:06 Ring Archer Armor
36:08 Plate Mail Armor
36:24 Conscription
38:24 Man-at-Arms
42:13 Ballistics
42:54 Chemistry
46:41 Scale Barding Armor
46:51 Light Cavalry
49:31 Chain Barding Armor
48:34 Light Cavalry
49:15 Husbandry
49:52 Hussar
51:16 Plate Barding Armor
52:54 Elite Cataphract
69:45 Murder Holes
70:01 Fortified Wall
Connection lost

Rejoining the realm…

Still unreachable

The connection could not be restored.

Session expired

The server has moved on; the page needs a fresh start.